Workbook

Sheet 01事業計画書
B2: ※変更交付申請書の添付書類として提出する場合、修正箇所のみの記載で構いません。
C3: （第１号様式-別紙１）
C5: 事 業 計 画 書
C8: １ 事業所・施設等の概要
D9: 法人の名称
D11: 法人の所在地 | K11: 〒 －
D15: 事業所・施設の種別 | V15: 事業所番号
D17: 事業所・施設の名称
D19: 事業所・施設の所在地 | K19: 〒 －
D21: 定員数 | M21: 人 | O21: → | Q21: 補助上限額 | V21: =K21*5000 -> 0 | Z21: 円
D23: 担当者の氏名・連絡先 | K23: 氏名 | X23: 電話番号
K25: メール
C28: ２ 事業の概要
D29: 事業① の概要 | G29: 事業①の 実施期間 | L29: 着手時期 | P29: 令和 年 月 日（予定） | AA29: 事業①の 利用者の 参加人数 | AI29: 人
L31: 完了時期 | P31: 令和 年 月 日（予定）
G33: 事業①の 具体的な内容
G37: 事業①に 要する経費 | L37: 経費区分 | R37: 経費の内容 | AE37: 金額
L39: 補助対象経費（税抜） | N39: 報償費 | AI39: 円
N41: 需用費 | AI41: 円
N43: 役務費 | AI43: 円
N45: 委託料 | AI45: 円
N47: 使用料・賃借料 | AI47: 円
N49: その他 | AI49: 円
L51: 補助対象外経費 （消費税等） | AI51: 円
L53: 事業①の総事業費 | R53: =SUM(AE39:AH52) -> 0 | V53: 円 | W53: うち | Y53: 事業①の補助対象経費 | AE53: =R53-AE51 -> 0 | AI53: 円 | AL53: ダブルチェック
AL55: =IF(AE53=SUM(AE39:AH50),"○","×") -> ○
D57: 事業② の概要 | G57: 事業②の 実施期間 | L57: 着手時期 | P57: 令和 年 月 日（予定） | AA57: 事業②の 利用者の 参加人数 | AH57: 人
L59: 完了時期 | P59: 令和 年 月 日（予定）
G61: 事業②の 具体的な内容
G65: 事業②に 要する経費 | L65: 経費区分 | R65: 経費の内容 | AE65: 金額
L67: 補助対象経費 | N67: 報償費 | AI67: 円
N69: 需用費 | AI69: 円
N71: 役務費 | AI71: 円
N73: 委託料 | AI73: 円
N75: 使用料・賃借料 | AI75: 円
N77: その他 | AI77: 円
L79: 補助対象外経費 | AI79: 円
AL80: ダブルチェック
L81: 事業②の総事業費 | R81: =SUM(AE67:AH80) -> 0 | V81: 円 | W81: うち | Y81: 事業②の補助対象経費 | AE81: =R81-AE79 -> 0 | AI81: 円
AL82: =IF(AE81=SUM(AE67:AH78),"○","×") -> ○
D84: 事業③ の概要 | G84: 事業③の 実施期間 | L84: 着手時期 | P84: 令和 年 月 日（予定） | AA84: 事業③の 利用者の 参加人数 | AH84: 人
L86: 完了時期 | P86: 令和 年 月 日（予定）
G88: 事業③の 具体的な内容
G92: 事業③に 要する経費 | L92: 経費区分 | R92: 経費の内容 | AE92: 金額
L94: 補助対象経費 | N94: 報償費 | AI94: 円
N96: 需用費 | AI96: 円
N98: 役務費 | AI98: 円
N100: 委託料 | AI100: 円
N102: 使用料・賃借料 | AI102: 円
N104: その他 | AI104: 円
L106: 補助対象外経費 | AI106: 円 | AL106: ダブルチェック
L108: 事業③の総事業費 | R108: =SUM(AE94:AH107) -> 0 | V108: 円 | W108: うち | Y108: 事業③の補助対象経費 | AE108: =R108-AE106 -> 0 | AI108: 円 | AL108: =IF(AE108=SUM(AE94:AH105),"○","×") -> ○
D111: 事業④ の概要 | G111: 事業④の 実施期間 | L111: 着手時期 | P111: 令和 年 月 日（予定） | AA111: 事業④の 利用者の 参加人数 | AH111: 人
L113: 完了時期 | P113: 令和 年 月 日（予定）
G115: 事業④の 具体的な内容
G119: 事業④に 要する経費 | L119: 経費区分 | R119: 経費の内容 | AE119: 金額
L121: 補助対象経費 | N121: 報償費 | AI121: 円
N123: 需用費 | AI123: 円
N125: 役務費 | AI125: 円
N127: 委託料 | AI127: 円
N129: 使用料・賃借料 | AI129: 円
N131: その他 | AI131: 円
L133: 補助対象外経費 | AI133: 円 | AL133: ダブルチェック
L135: 事業④の総事業費 | R135: =SUM(AE121:AH134) -> 0 | V135: 円 | W135: うち | Y135: 事業④の補助対象経費 | AE135: =R135-AE133 -> 0 | AI135: 円 | AL135: =IF(AE135=SUM(AE121:AH132),"○","×") -> ○
D138: 事業⑤ の概要 | G138: 事業⑤の 実施期間 | L138: 着手時期 | P138: 令和 年 月 日（予定） | AA138: 事業⑤の 利用者の 参加人数 | AH138: 人
L140: 完了時期 | P140: 令和 年 月 日（予定）
G142: 事業⑤の 具体的な内容
G146: 事業⑤に 要する経費 | L146: 経費区分 | R146: 経費の内容 | AE146: 金額
L148: 補助対象経費 | N148: 報償費 | AI148: 円
N150: 需用費 | AI150: 円
N152: 役務費 | AI152: 円
N154: 委託料 | AI154: 円
N156: 使用料・賃借料 | AI156: 円
N158: その他 | AI158: 円
L160: 補助対象外経費 | AI160: 円 | AL160: ダブルチェック
L162: 事業⑤の総事業費 | R162: =SUM(AE148:AH161) -> 0 | V162: 円 | W162: うち | Y162: 事業⑤の補助対象経費 | AE162: =R162-AE160 -> 0 | AI162: 円 | AL162: =IF(AE162=SUM(AE148:AH159),"○","×") -> ○
C165: ３ 補助所要額（＝補助申請額）
D166: 補助所要額 ＝ 補助申請額 | K166: Ａ | P166: Ｂ | U166: Ｃ | Z166: Ｄ
K167: 総事業費 | P167: 補助対象経費 の支出予定額 | U167: 補助上限額 | Z167: 補助所要額
D169: =Z169 -> 0 | H169: 円 | K169: =R53+R81+R108+R135+R162 -> 0 | O169: 円 | P169: =AE53+AE81+AE108+AE135+AE162 -> 0 | T169: 円 | U169: =V21 -> 0 | Y169: 円 | Z169: =ROUNDDOWN(MIN(P169,U169),-3) -> 0 | AD169: 円
C172: ４ 誓約事項
F173: この補助事業と重複して、他の補助金等の交付を受けているものはありません。
F175: サービス種別・申請金額等の申請内容に相違ありません。

Sheet 02事業収支予算書
B2: ※変更交付申請書の添付書類として提出する場合、修正箇所のみの記載で構いません。
C3: （第１号様式-別紙２）
C5: 事 業 収 支 予 算 書
C8: １ 事業所・施設等の概要
D10: 法人の名称 | K10: ='01事業計画書'!K9 -> 0
D12: 法人の所在地 | K12: ='01事業計画書'!K11 -> 〒 －
D16: 事業所・施設の種別 | K16: ='01事業計画書'!K15 -> 0
D18: 事業所・施設の名称 | K18: ='01事業計画書'!K17 -> 0
D20: 事業所・施設の所在地 | K20: ='01事業計画書'!K19 -> 〒 －
C23: ２ 収入の部
AD24: （単位：円）
D25: 区分 | I25: 予算額 | N25: 内訳
D27: 府補助金 | I27: ='01事業計画書'!D169 -> 0
D29: 自己資金 | I29: =I33-I27 -> 0
D31: その他
D33: 合計 | I33: ='01事業計画書'!K169 -> 0
D36: 注 「自己資金」には数式が入っておりますが、「その他」に寄付等の収入がある場合は、直接数値を入力してください。
C38: ３ 支出の部
AD39: （単位：円）
D40: 区分 | I40: 予算額 | N40: 内訳
D52: 補助対象外経費 （消費税等） | AM52: ダブルチェック
D54: 合計 | I54: =SUM(I42:M53) -> 0 | AM54: =IF(I54='01事業計画書'!K169,"○","×") -> ○
D57: 注 「２収入の部」の合計欄の額と「３支出の部」の合計欄の額は、一致させてください。
D59: =IF(I33=I54,"○","×") -> ○ | G59: 「２収入の部」の合計欄の額と「３支出の部」の合計欄の額が一致していない場合、「×」と表示されるため、修正を行ってください。

Sheet 事業所・施設種別
B2: （事業所・施設種別一覧）
B3: 通所介護
B4: 通所リハビリテーション
B5: 地域密着型通所介護
B6: 認知症対応型通所介護
B7: 小規模多機能型居宅介護
B8: 認知症対応型共同生活介護
B9: 地域密着型介護老人福祉施設入所者生活介護（併設型の短期入所生活介護を含む。）
B10: 複合型サービス（看護小規模多機能型居宅介護）
B11: 指定介護老人福祉施設（併設型の短期入所生活介護を含む。）
B12: 介護老人保健施設（併設型の短期入所療養介護を含む。）
B13: 介護医療院（併設型の短期入所療養介護を含む。）
... B32: 医療型障害児入所施設（併設型の短期入所を含む。）
